 Dungeon Crawl Stone Soup version 0.30-a0-949-g53dc5368d7 (webtiles) character file.

Game seed: 8861522426857305500

10 Dirtsage the Trooper (level 2, 23/24 HPs)
             Began as a Demonspawn Fighter on Mar 27, 2023.
             Quit the game on level 1 of the Dungeon.
             The game lasted 00:00:29 (261 turns).

Dirtsage the Trooper (Demonspawn Fighter)            Turns: 261, Time: 00:00:29

Health: 23/24      AC:  7    Str: 16    XL:     2   Next: 10%
Magic:  2/2        EV:  8    Int:  9    God:
Gold:   25         SH:  4    Dex: 12    Spells: 1/1 levels left

rFire   . . .      SeeInvis .    a - +0 war axe
rCold   . . .      Faith    .    c - +0 buckler
rNeg    . . .      Spirit   .    b - +0 scale mail
rPois   .          Reflect  .    j - +0 helmet
rElec   .          Rampage  .    (no cloak)
rCorr   .                        (no gloves)
Will    .....                    (no boots) Stlth
                                 (no amulet)
HPRegen 0.24/turn                (no ring)
MPRegen 0.08/turn                (no ring)

@: no status effects
A: demonic magic 1
a: no special abilities


You were on level 1 of the Dungeon.
You visited 1 branch of the dungeon, and saw 1 of its levels.

You collected 25 gold pieces.

Inventory:

Hand Weapons
 a - a +0 war axe (weapon)
Armour
 b - a +0 scale mail (worn)
 c - a +0 buckler (worn)
 j - a +0 helmet (worn)
Magical Staves
 f - a staff of death
Scrolls
 e - 3 scrolls of teleportation {unknown}
 i - a scroll of identify {unknown}
Potions
 d - a potion of might
 g - a potion of resistance {unknown}
 h - a potion of curing {unknown}


   Skills:
 - Level 3.0 Fighting
 + Level 2.5 Axes
 - Level 2.6 Armour
 - Level 2.6 Shields


You had one spell level left.
You didn't know any spells.
Your spell library contained the following spells:

 Spells                   Type           Power      Damage    Failure   Level
 Foxfire                  Conj/Fire      0%         2x1d4     89%         1
 Stone Arrow              Conj/Erth      0%         3d7       99%         3
 Animate Armour           Summ/Erth      0%         N/A       100%        4
 Fireball                 Conj/Fire      0%         3d3       100%        5
 Starburst                Conj/Fire      0%         6d3       100%        6
 Lehudib's Crystal Spear  Conj/Erth      0%         10d2      100%        8


Dungeon Overview and Level Annotations

Branches:
Dungeon (1/15)

Altars:


Innate Abilities, Weirdness & Mutations

Spells you cast may paralyse adjacent enemies.


Message History

The quokka barely misses you.
You hit the quokka.
The quokka is moderately wounded.
The quokka bites you but does no damage.
You slash the quokka!
You kill the quokka!
No target in view!
No target in view!
A bat comes into view.
You see here a quokka corpse.
A bat is nearby!
A goblin comes into view. It is wielding a +1 dagger of draining.
The goblin shouts!
The bat closely misses you.
You barely miss the bat. You block the bat's attack. x2
You barely miss the goblin. You barely miss the bat.
The bat hits you but does no damage.
A ball python comes into view.
The bat hits you but does no damage.
The goblin hits you with a +1 dagger of draining.
You feel drained.
You take 1 damage, and have 17/17 hp.
You slash the goblin!
You kill the goblin!
You hit the bat. The bat hits you but does no damage.
The bat closely misses you.
You have reached level 2!
Your demonic ancestry asserts itself...
A menacing aura infuses your magic.
Health restored: 23; MP restored: 2 You closely miss the bat.
The bat is moderately wounded.
You block the bat's attack. x2
You slash the bat!
You kill the bat!
You slash the ball python!
You kill the ball python!
Your life force feels restored.
No target in view!
Are you sure you want to abandon this character and quit the game? (Confirm with "yes".)

#...#.#
#.####..##.##
#...........#
........###.#
#######.# #.# #
#.# #.# #..######
#.# #.#
........###.# #.#
#)@.##.# #.#
.......#†##.###.#
...##..#.##.#†..#
. ....#....#.###
..#######.#.# #..
..#.# #.# #.
####.# #.# . #.#
##.### #.#


There were no monsters in sight!

Vanquished Creatures
  An endoplasm (D:1)
  3 goblins (D:1)
  A hobgoblin (D:1)
  A quokka (D:1)
  A ball python (D:1)
  2 bats (D:1)
  A rat (D:1)
10 creatures vanquished.

Notes
Turn   | Place    | Note
-------+----------+-------------------------------------------
     0 | D:1      | Dirtsage the Demonspawn Fighter began the quest for the
                  | Orb.
     0 | D:1      | Reached XP level 1. HP: 18/18 MP: 1/1
   259 | D:1      | Gained mutation: Spells you cast may paralyse adjacent
                  | enemies. [demonic ancestry]
   259 | D:1      | Reached XP level 2. HP: 23/23 MP: 2/2
   261 | D:1      | Quit the game

Illustrated notes

Levels and vault maps discovered:
D:1:      eino_arrival_tree_alley, layout_loops_ring,
          chequers_serial_rivers_micro_a

Skill      XL: |  1 |
---------------+----+-----
Axes           | 2 |  2.5
Fighting       | |  3.0
Armour         | |  2.6
Shields        | |  2.6

Action                     || total
---------------------------++-------
  Melee: War axe           ||    20
 Armour: Scale mail        ||    11
  Dodge: Dodged            ||     9
  Block: Buckler           ||     6

Table legend: (Time is in decaauts)
 A = Elapsed time spent in this place.
 B = Non-inter-level travel time spent in this place.
 C = Inter-level travel time spent in this place.
 D = Time resting spent in this place.
 E = Time spent auto-exploring this place.
 F = Levels seen in this place.
 G = Mean time per level.
                   A        B        C        D        E       F      G
               +--------+--------+--------+--------+--------+-----+--------+
         Total |    270 |    270 |      0 |      0 |    209 |   1 |  270.0 |
       Dungeon |    270 |    270 |      0 |      0 |    209 |   1 |  270.0 |
               +--------+--------+--------+--------+--------+-----+--------+

Top non-repeatable levels by time:
     D:1: 270 daAuts
